 Dungeon Crawl Stone Soup version 0.29-a0-338-g1ff7896281 (webtiles) character file.

Game seed: 2302768190709921863

156 siradein the Charlatan (level 5, -5/45 HPs)
             Began as a Naga Artificer on Apr 18, 2022.
             Slain by a sky beast (6 damage)
             ... on level 3 of the Dungeon.
             The game lasted 00:06:26 (3314 turns).

siradein the Charlatan (Naga Artificer)             Turns: 3314, Time: 00:06:27

Health: -5/45      AC:  4    Str: 16    XL:     5   Next: 38%
Magic:  5/5        EV:  5    Int: 11    God:
Gold:   192        SH: 10    Dex: 12    Spells: 4/4 levels left

rFire   . . .      SeeInvis +   g - +1 hand axe (vamp)
rCold   . . .      Faith    .   n - +0 tower shield
rNeg    . . .      Spirit   .   s - +0 ring mail
rPois   +          Reflect  .   (no helmet)
rElec   .          Harm     .   (no cloak)
rCorr   .          Rampage  .   (no gloves)
Will    .....                   (no barding)
Stlth   +.........              (no amulet)
HPRegen 0.15/turn               (no ring)
MPRegen 0.09/turn               (no ring)

@: very slow
A: AC +1, large, see invisible, deformed body, poison resistance, slowness 2,
spit poison 1, naga tail 1
a: Spit Poison


You were on level 3 of the Dungeon.
You visited 1 branch of the dungeon, and saw 3 of its levels.

You collected 192 gold pieces.

Inventory:

Hand Weapons
 g - a +1 vampiric hand axe (weapon)
Armour
 n - a +0 tower shield (worn)
 s - a +0 ring mail (worn)
Wands
 c - a wand of flame (15) (quivered)
 d - a wand of charming (15)
 e - a wand of iceblast (9)
Scrolls
 a - a scroll of amnesia {unknown}
 i - 3 scrolls of identify {unknown}
 j - a scroll of magic mapping {unknown}
 o - a scroll of noise {unknown}
 p - a scroll of summoning {unknown}
 r - 2 scrolls of fog {unknown}
Potions
 f - 2 potions of attraction {unknown}
 h - 2 potions of lignification {unknown}
 k - a potion of magic {unknown}
 l - a potion of brilliance {unknown}
 m - a potion of heal wounds {unknown}
 q - 2 potions of might {unknown}


   Skills:
 + Level 2.2 Fighting
 + Level 1.7 Axes
 + Level 2.3 Armour
 + Level 1.8 Dodging
 - Level 1.5 Stealth
 + Level 0.8 Shields
 + Level 3.6 Evocations


You had 4 spell levels left.
You didn't know any spells.
Your spell library contained the following spells:

 Spells                   Type           Power      Damage    Failure   Level
 Magic Dart               Conj           0%         1d3       99%         1
 Call Imp                 Summ           0%         N/A       100%        2
 Ignite Poison            Fire/Tmut/Pois 0%         N/A       100%        3
 Mephitic Cloud           Conj/Pois/Air  0%         N/A       100%        3
 Freezing Cloud           Conj/Ice/Air   0%         6-21      100%        5


Dungeon Overview and Level Annotations

Branches:
Dungeon (3/15)

Altars:

Annotations:
D:3 2 transporters


Innate Abilities, Weirdness & Mutations

Your serpentine skin is tough. (AC +1)
You have supernaturally acute eyesight. (SInv)
Armour fits poorly on your strangely shaped body.
Your system is resistant to poisons. (rPois)
You cover ground very slowly.
You can spit poison.
You have a snake-like lower body.


Message History

The sky beast shocks you.
You are too injured to fight recklessly!
You are too injured to fight recklessly!
You are too injured to fight recklessly!
The sky beast attacks as you move away! You block the sky beast's attack.
Aiming: Spit Poison (1% risk of failure)
Press: ? - help, Shift-Dir - straight line, f - sky beast
Aim: a sky beast (moderately wounded, slightly transparent, 45% to hit)
The splash of poison hits the sky beast but does no damage.
The sky beast is poisoned.
The sky beast is moderately wounded.
You block the sky beast's attack.
You hit the sky beast.
The sky beast is heavily wounded.
The sky beast hits you but does no damage.
You block the sky beast's attack.
You barely miss the sky beast.
The sky beast is heavily wounded.
You have got your breath back.
You block the sky beast's attack.
You completely miss the sky beast.
The sky beast is heavily wounded.
The sky beast hits you but does no damage.
The sky beast hits you. The sky beast shocks you.
* * * LOW HITPOINT WARNING * * *
You hit the sky beast.
The sky beast is severely wounded.
The sky beast looks more healthy.
The sky beast hits you.
* * * LOW HITPOINT WARNING * * *
The sky beast shocks you.
* * * LOW HITPOINT WARNING * * *
You hit the sky beast.
The sky beast is almost dead.
The sky beast barely misses you. You block the sky beast's attack.
You closely miss the sky beast.
The sky beast is almost dead.
The sky beast hits you.
* * * LOW HITPOINT WARNING * * *
The sky beast shocks you.
You die...

#.##.....# ###. ...#
.#........# #.+. ....
..........## #.#. #...
.#......†# #.## ...
##......#####..# ...
#...........'.. ##.#
##......).####..
.###...###..####.#.#.<...
.......Y@..## #.#.####..
##'######.## #..... ###
#.# #.#..# # #.#
###.#..##### #..
....#..#...# #.#
............ .##
#.###.....#.# .
.......†..... .
.#.#.#.#.#.#


You could see a sky beast (invisible).

Vanquished Creatures
  An orc priest (D:3)
  An orc wizard (D:3)
  An adder (D:2)
  A worm (D:3)
  2 dart slugs
  11 orcs
  2 ball pythons (D:1)
  2 bats
  4 endoplasms
  3 giant cockroaches
  3 goblins (D:1)
  9 hobgoblins
  3 frilled lizards (D:1)
  5 kobolds
  11 rats
59 creatures vanquished.

Vanquished Creatures (others)
  An orc wizard (D:3)
1 creature vanquished.

Grand Total: 60 creatures vanquished

Notes
Turn   | Place    | Note
-------+----------+-------------------------------------------
     0 | D:1      | siradein the Naga Artificer began the quest for the Orb.
     0 | D:1      | Reached XP level 1. HP: 18/18 MP: 1/1
   562 | D:1      | Reached skill level 1 in Dodging
   562 | D:1      | Reached XP level 2. HP: 25/25 MP: 2/2
  1103 | D:1      | Reached XP level 3. HP: 29/31 MP: 3/3
  1887 | D:2      | Reached skill level 1 in Axes
  2381 | D:2      | Reached XP level 4. HP: 39/39 MP: 4/4
  2662 | D:3      | Found a transporter.
  2767 | D:3      | Found a transporter.
  2887 | D:3      | Reached XP level 5. HP: 7/45 MP: 5/5
  3298 | D:3      | Noticed a sky beast
  3314 | D:3      | HP: 1/45 [sky beast (3)]
  3314 | D:3      | Slain by a sky beast

Illustrated notes

Levels and vault maps discovered:
D:1:      tarquinn_simple_flora_water_b, layout_basic, roderic_three_in_a_row,
          minmay_rat_gold_closets
D:2:      layout_rooms, shapermc_ecumenical_altar_petra
D:3:      gammafunk_steamed_eel, layout_basic, dk_noncrumbling_3,
          minmay_three_crescents

Skill      XL: |  1  2  3  4 |
---------------+-------------+-----
Dodging        | 1 |  1.8
Armour         | 2 |  2.3
Axes           | 1 |  1.7
Fighting       | 2 |  2.2
Stealth        | |  1.5
Shields        | |  0.8
Evocations     | |  3.6

Action                   |  1- 3 |  4- 6 || total
-------------------------+-------+-------++-------
Melee: Club              |    16 |       ||    16
       Hand axe          |    88 |    90 ||   178
 Abil: Spit Poison       |       |     1 ||     1
 Stab: Sleeping          |     9 |       ||     9
Armor: Leather armour    |    16 |     1 ||    17
       Ring mail         |       |    25 ||    25
Dodge: Dodged            |    51 |    21 ||    72
Block: Tower shield      |     9 |    40 ||    49

Table legend: (Time is in decaauts)
 A = Elapsed time spent in this place.
 B = Non-inter-level travel time spent in this place.
 C = Inter-level travel time spent in this place.
 D = Time resting spent in this place.
 E = Time spent auto-exploring this place.
 F = Levels seen in this place.
 G = Mean time per level.
                   A        B        C        D        E       F      G
               +--------+--------+--------+--------+--------+-----+--------+
         Total |   4037 |   3960 |     77 |    374 |   2994 |   3 | 1345.7 |
       Dungeon |   4037 |   3960 |     77 |    374 |   2994 |   3 | 1345.7 |
               +--------+--------+--------+--------+--------+-----+--------+

Top non-repeatable levels by time:
     D:1: 1931 daAuts
     D:2: 1114 daAuts
     D:3: 992 daAuts
